 Dungeon Crawl Stone Soup version 0.22-a0-354-g30dfbe6 (webtiles) character file.

57 Amnesiac the Grave Robber (level 3, -1/21 HPs)
             Began as a Deep Elf Necromancer on Apr 16, 2018.
             Slain by a gnoll
             ... wielding a +0 spear
              (8 damage)
             ... on level 1 of the Dungeon.
             The game lasted 00:02:42 (1498 turns).

Amnesiac the Grave Robber (Deep Elf Necromancer)    Turns: 1498, Time: 00:02:42

Health: -1/21      AC:  2    Str:  5    XL:     3   Next: 73%
Magic:  1/10       EV: 13    Int: 20    God:
Gold:   47         SH:  0    Dex: 15    Spells: 2/9 levels left

rFire    . . .     SeeInvis .   (no weapon)
rCold    . . .     Gourm    .   (no shield)
rNeg     . . .     Faith    .   a - +0 robe
rPois    .         Spirit   .   (no helmet)
rElec    .         Reflect  .   (no cloak)
rCorr    .         Harm     .   (no gloves)
MR       .....                  (no boots)
Stlth    +.........             (no amulet)
HPRegen  0.07/turn              b - ring of loudness (curse)
MPRegen  0.12/turn              (no ring)

@: very slightly contaminated
A: no striking features
a: no special abilities


You were on level 1 of the Dungeon.
You were not hungry.

You visited 1 branch of the dungeon, and saw 2 of its levels.

You collected 47 gold pieces.

Inventory:

Missiles
 i - 14 poisoned needles
Armour
 a - a +0 robe (worn)
Jewellery
 b - a cursed ring of loudness (left hand)
 k - an uncursed ring of fire
Scrolls
 g - 2 scrolls of identify {!r, unknown}
 h - a scroll of blinking {!r, unknown}
 j - a scroll of remove curse {!r, unknown}
Potions
 d - 2 potions of curing {!q, unknown}
 e - 2 potions of lignification {!q, unknown}
Comestibles
 c - 6 rations
 f - 2 chunks of flesh


   Skills:
 * Level 2.3 Fighting
 - Level 2.4 Dodging
 - Level 2.4 Stealth
 + Level 3.7 Spellcasting
 - Level 5.0 Necromancy


You had 2 spell levels left.
You knew the following spells:

 Your Spells              Type           Power        Failure   Level  Hunger
a - Pain                  Necr           ###.         1%          1    None
d - Vampiric Draining     Necr           ###.......   4%          3    ###....
r - Regeneration          Chrm/Necr      ##........   14%         3    ###....


Dungeon Overview and Level Annotations

Branches:
Dungeon (2/15)

Altars:


Message History

Casting: Pain (safe; 1% risk of failure)
Confirm with . or Enter, or press ? or * to list all spells.
You can't see any susceptible monsters within range! (Use Z to cast anyway.)
k - a large marble ring Some of the chunks of flesh in your inventory have rotted away.
A gnoll comes into view. It is wielding a halberd.
The gnoll shouts!
A gnoll comes into view. It is wielding a spear.
Put on which piece of jewellery? (? for menu, Esc to quit)
You feel more attuned to fire.
k - a ring of fire (right hand)
The gnoll shouts!
Put on which piece of jewellery? (? for menu, Esc to quit)
You remove your ring of fire.
Memorise Regeneration, consuming 3 spell levels and leaving 2?
You start memorising the spell.
You continue memorising. x3
You finish memorising.
Spell assigned to 'r'.
The gnoll hits you with a halberd!
Casting: Pain (safe; 1% risk of failure)
Confirm with . or Enter, or press ? or * to list all spells.
Aiming: Vampiric Draining (safe; 4% risk of failure)
Press: ? - help, Shift-Dir - straight line, f - gnoll
Aim: a gnoll, wielding a halberd The gnoll is almost dead.
You feel life coursing into your body. The gnoll closely misses you.
Casting: Vampiric Draining (safe; 4% risk of failure)
Confirm with . or Enter, or press ? or * to list all spells.
Aiming: Vampiric Draining (safe; 4% risk of failure)
Press: ? - help, Shift-Dir - straight line, f/p - gnoll
Aim: a gnoll, wielding a halberd (almost dead)
You kill the gnoll!
You feel life coursing into your body.
You start resting.
A gnoll is nearby!
Things that are here:
a halberd; a gnoll corpse You butcher the gnoll corpse.
A gnoll comes into view. It is wielding a club.
Things that are here:
a halberd; a chunk of flesh; a gnoll skeleton The gnoll shouts!
There is a stone staircase leading up here.
There is a stone staircase leading up here.
The gnoll hits you with a spear. The gnoll hits you with a club.
* * * LOW HITPOINT WARNING * * *
You climb upwards.
There is a stone staircase leading down here.
Casting: Vampiric Draining (safe; 4% risk of failure)
Confirm with . or Enter, or press ? or * to list all spells.
Aiming: Vampiric Draining (safe; 4% risk of failure)
Press: ? - help, Shift-Dir - straight line, f - gnoll
Aim: a gnoll, wielding a spear The gnoll is heavily wounded.
You feel life coursing into your body. The gnoll hits you with a spear.
* * * LOW HITPOINT WARNING * * *
Casting: Vampiric Draining (safe; 4% risk of failure)
Confirm with . or Enter, or press ? or * to list all spells.
Aiming: Vampiric Draining (safe; 4% risk of failure)
Press: ? - help, Shift-Dir - straight line, f/p - gnoll
Aim: a gnoll, wielding a spear (heavily wounded)
You miscast Vampiric Draining.
You are very lightly contaminated with residual magic.
You sense a malignant aura.
The gnoll hits you with a spear!
You die...

........#.......#..#...##..##.###
.####...#.......#..#..........#
.# #####.....................# .#
####.......#....#..#### .#
#........#.#.....### .#
#........#.#.......# .#
####........#.##....#.####
########...........#......(......
#....##.........@g.........(.....
#.≈≈.###.......................[.
'.§≈.'<#.........................
'.§≈.'.#.##......................
#.≈≈.###.##.######..##.....###...
#....# #.##.# #..##...#.# #...
###### #.##.# #..##...#.# #...
#######.##.######.......#.###...
#...........................#...


You could see a gnoll.

Vanquished Creatures
  A gnoll (D:2)
  2 dart slugs (D:1)
  2 leopard geckos (D:1)
  5 bats (D:1)
  2 giant cockroaches (D:1)
  4 goblins (D:1)
  3 hobgoblins (D:1)
  3 jackals (D:1)
  7 kobolds
  A quokka (D:2)
  7 rats
37 creatures vanquished.

Notes
Turn   | Place    | Note
-------+----------+-------------------------------------------
     0 | D:1      | Amnesiac the Deep Elf Necromancer began the quest for the Orb.
     0 | D:1      | Reached XP level 1. HP: 10/10 MP: 6/6
    99 | D:1      | Reached skill level 1 in Fighting
    99 | D:1      | Reached skill level 5 in Necromancy
   333 | D:1      | Reached XP level 2. HP: 16/16 MP: 6/8
   702 | D:1      | Reached XP level 3. HP: 10/21 MP: 0/9
   707 | D:1      | Learned a level 3 spell: Vampiric Draining
  1464 | D:2      | Learned a level 3 spell: Regeneration
  1498 | D:1      | Slain by a gnoll

Vault maps used:
D:1:      lightli_arrival_lavapool, st_stairs_7

Skill      XL: |  1  2  3 |
---------------+----------+-----
Fighting       | 1 2 |  2.3
Necromancy     | 5 |  5.0
Dodging        | |  2.4
Stealth        | |  2.4
Spellcasting   | |  3.7

Action                   || total
-------------------------++-------
Melee: Unarmed           ||     1
 Cast: Pain              ||    52
       Vampiric Draining ||     6
  Eat: Chunk             ||     2
Armor: Robe              ||     1
Dodge: Dodged            ||     7

Table legend:
 A = Spawn XP
 B = Non-spawn XP
 C = Spawn XP percentage of total XP
 D = Spawn monster count
 E = Non-spawn monster count
 F = Spawn count percentage of total count
 G = Total turns spent on level
                    A         B        C        D         E        F      G
               +---------+---------+-------+---------+---------+-------+---------
         Total |       0 |      82 |   0.0 |       0 |      37 |   0.0 |  1498
               +---------+---------+-------+---------+---------+-------+---------
           D:1 |       0 |      61 |   0.0 |       0 |      31 |   0.0 |  1338
           D:2 |       0 |      21 |   0.0 |       0 |       6 |   0.0 |   160
               +---------+---------+-------+---------+---------+-------+---------
